[Event "EU-ch 12th"]
[Site "Aix les Bains"]
[Date "2011.03.31"]
[Round "9"]
[White "Kobalia, Mihail"]
[Black "Tregubov, Pavel V"]
[Result "1-0"]
[ECO "B61"]
[WhiteElo "2672"]
[BlackElo "2598"]
[Annotator "Marchand,A/Primel,D"]
[PlyCount "97"]
[EventDate "2011.03.22"]
[EventType "swiss"]
[EventRounds "11"]
[EventCountry "FRA"]
[SourceTitle "CBM 142 Extra"]
[Source "ChessBase"]
[SourceDate "2011.06.27"]
[SourceVersion "1"]
[SourceVersionDate "2011.06.27"]
[SourceQuality "1"]
[TimeControl "40/5400+30:1800+30"]

1. e4 c5 2. Nf3 Nc6 3. d4 cxd4 4. Nxd4 Nf6 5. Nc3 d6 6. Bg5 Bd7 (6... e6) 7.
Qd2 h6 {Trйs risquй} (7... Rc8 $142 {La grande ligne qui est plus solide} 8.
O-O-O (8. Nxc6 bxc6 9. O-O-O h6 10. Bf4 e5 11. Bg3 Nh5 12. Kb1 Be7 {Robson,R 
(2596)-Reshetnikov,A (2514) Moscow op-D 2012 (5) 1-0} (12... Nxg3 13. hxg3 Be7
14. Bc4 Rb8 $13 {Dembo})) 8... Nxd4 9. Qxd4 Qa5 10. Bd2 a6 11. Kb1 Qc5 12. Qxc5
Rxc5 13. f3 g6 14. Be3 Rc8 15. Bd4 Bg7 $132 {Dominguez Perez,L (2658)-Dreev,A 
(2705) Dos Hermanas-A 2005 (6) 1/2}) (7... Nxd4) (7... a6) 8. Bxf6 gxf6 9.
O-O-O $14 (9. Nf5 Qa5 10. Ne3 ) 9... Nxd4 10. Qxd4 Qa5 11. Bc4 (11.
Kb1) (11. f4 $14 ) 11... Rg8 ({RR} 11... Rc8 12. Bb3 Qc5 13. Qd2
a5 14. a4 Bg7 15. f4 h5 16. Kb1 f5 17. e5 e6 18. Qxd6 Qxd6 19. Rxd6 Bf8 20. Rd3
Bc6 21. Nb5 Bxg2 22. Rhd1 Bc5 23. Nd6+ Bxd6 24. Rxd6 Bc6 25. Rg1 Ke7 26. Rg7 {
Shirov,A (2749)-Dreev,A (2660)/Sestao 2010/1/2-1/2}) 12. g3 e6 13. Rhe1 $146 (
13. f4 Be7 14. f5 $14 O-O-O 15. Ne2 Rge8 16. Bb3 Kb8 17. Rhe1 Bc8
18. Nf4 Qe5 19. Qd2 Bf8 20. Ba4 Re7 21. fxe6 Bxe6 22. Bb3 Bg4 23. Nd5 Bxd1 24.
Nxe7 Bxc2 25. Kxc2 Bxe7 26. Bxf7 f5 27. Bd5 Bf6 {Bologan,V (2688)-Malakhov,V 
(2715)/Sibenik 2009/1-0 (40)}) 13... Be7 14. Bb3 O-O-O 15. Kb1 Kb8
16. Qd3 h5 17. h4 Rc8 18. Ne2 Rc5 19. Nd4 Rcc8 20. Re3 Ka8 21. Qe2
Bd8 22. Red3 (22. Bc4 $5 )
22... Bb6 23. a3 Rg4 24. R3d2 a6 25. c3 Bd8 26. Ka2 Be7 27. Qe3 Qc5 $11 28. Re1
a5 29. a4 Rgg8 30. Qd3 Rgd8 31. f4 Rg8 32. Re3 Bd8 33. Qe2 Bb6 34. f5 $1 $36 Rg4 35. Red3 Qe5 (35... d5 $1 {Avec la paire de B, les Noirs ont
intйrкt а ouvrir le centre} 36. exd5 e5 $44) 36. fxe6 fxe6 37. Nf3 Qxe4 38.
Qxe4 Rxe4 39. Rxd6 Bc6 40. Bxe6 Rc7 41. Nd4 $16 Bxd4 42. R2xd4 Rxd4 43. cxd4
Rg7 44. Bb3 f5 $4 (44... Rxg3) 45. d5 Bd7 46. Bd1 Kb8 47. Bxh5 Bxa4 48. Bg6 Re7
49. Re6 1-0